 Dungeon Crawl Stone Soup version 0.25-a0-346-g140ab784a8 (webtiles) character file.

Game seed: 4454945307712680812, levelgen mode: deterministic

196 Burgietje the Skirmisher (level 5, -8/35 HPs)
             Began as a Gargoyle Fighter on Dec 31, 2019.
             Killed by divine providence
             ... invoked by an orc priest
              (10 damage)
             ... on level 3 of the Dungeon.
             The game lasted 00:02:33 (2500 turns).

Burgietje the Skirmisher (Gargoyle Fighter)         Turns: 2500, Time: 00:02:33

Health: -8/35      AC: 11    Str: 21    XL:     5   Next: 75%
Magic:  5/5        EV:  7    Int:  8    God:
Gold:   179        SH:  9    Dex:  9    Spells: 4/4 levels left

rFire    . . .     SeeInvis .   a - +0 war axe
rCold    . . .     Gourm    .   c - +0 shield
rNeg     + . .     Faith    .   t - +1 scale mail {MR+}
rPois    ∞         Spirit   .   (no helmet)
rElec    +         Reflect  .   (no cloak)
rCorr    .         Harm     .   (no gloves)
MR       +....                  (no boots)
Stlth    ..........             (no amulet)
HPRegen  0.11/turn              (no ring)
MPRegen  0.09/turn              (no ring)

@: no status effects
A: negative energy resistance 1, electricity resistance, unbreathing,
petrification resistance, rot immunity, AC +4
a: no special abilities


You were on level 3 of the Dungeon.
You were not hungry.

You visited 1 branch of the dungeon, and saw 3 of its levels.

You collected 179 gold pieces.

Inventory:

Hand Weapons
 a - a +0 war axe (weapon)
 j - a +0 whip of venom
Armour
 b - a +0 scale mail
 c - a +0 shield (worn)
 t - a +1 scale mail of magic resistance (worn)
Jewellery
 p - a cursed ring of teleportation {unknown}
Scrolls
 e - a scroll of immolation {unknown}
 g - 4 scrolls of identify {unknown}
 i - 4 scrolls of blinking {unknown}
 l - 2 scrolls of amnesia {unknown}
 m - a scroll of fog {unknown}
 n - a scroll of enchant weapon {unknown}
 r - 2 scrolls of fear {unknown}
 s - a scroll of noise {unknown}
Potions
 d - 2 potions of might
 k - a potion of berserk rage {unknown}
 o - a potion of lignification {unknown}
 q - 2 potions of curing {unknown}
 u - a potion of degeneration {unknown}
Comestibles
 f - 8 rations
 h - 8 chunks of flesh


   Skills:
 + Level 5.3 Fighting
 + Level 3.9 Axes
 - Level 3.2 Armour
 - Level 3.2 Shields


You had 4 spell levels left.
You didn't know any spells.
Your spell library was empty.

Dungeon Overview and Level Annotations

Branches:
Dungeon (3/15)

Altars:
The Shining One


Innate Abilities, Weirdness & Mutations

You are resistant to torment.
Your stone body is resilient. (AC +4)
You are immune to poison.
You resist negative energy. (rN+)
You are resistant to electric shocks. (rElec)
You can survive without breathing.
You are immune to petrification.
You are immune to rotting.


Message History

You are too injured to fight recklessly!
You are too injured to fight recklessly!
You are too injured to fight recklessly!
You are too injured to fight recklessly!
You are too injured to fight recklessly!
You are too injured to fight recklessly!
You are too injured to fight recklessly!
You are too injured to fight recklessly!
You are too injured to fight recklessly!
You are too injured to fight recklessly!
You barely miss the orc priest.
Your shield and scale mail prevent you from hitting the orc.
The orc priest looks braver for a moment.
The orc priest hits you with a +0 flail.
* * * LOW HITPOINT WARNING * * *
The orc hits you with a cursed +0 flail.
* * * LOW HITPOINT WARNING * * *
The orc priest calls down the wrath of Beogh upon you.
Beogh smites you!
You die...

#.# #..#..# ###
#..#... ##.#..#
#>##.## #.##..
#.##.# #.##.# #
#####....##.#
#.........@o5#
######.####oo.....
#.# ..###.. ###
.g# ... .### .# .#


You could see 2 orc priests, a shadow imp, an orc and a hobgoblin.

Vanquished Creatures
  A worker ant (D:3)
  4 adders (D:2)
  3 gnolls (D:3)
  4 worms
  A dart slug (D:1)
  3 leopard geckos
  2 orcs (D:3)
  6 giant cockroaches
  10 goblins
  15 hobgoblins
  6 jackals (D:2)
  2 ball pythons (D:3)
  9 bats
  4 frilled lizards
  10 kobolds
  10 rats
90 creatures vanquished.

Notes
Turn   | Place    | Note
-------+----------+-------------------------------------------
     0 | D:1      | Burgietje the Gargoyle Fighter began the quest for the Orb.
     0 | D:1      | Reached XP level 1. HP: 14/14 MP: 1/1
   111 | D:1      | Reached XP level 2. HP: 17/19 MP: 2/2
   544 | D:1      | Reached XP level 3. HP: 24/24 MP: 3/3
   558 | D:1      | Reached skill level 4 in Fighting
   836 | D:2      | Reached XP level 4. HP: 30/30 MP: 4/4
  1866 | D:3      | Reached XP level 5. HP: 34/34 MP: 5/5
  1917 | D:3      | Reached skill level 5 in Fighting
  2335 | D:3      | Found a glowing golden altar of the Shining One.
  2500 | D:3      | Killed from afar by an orc priest

Levels and vault maps discovered:
D:1:      dpeg_arrival_three_same_balls, layout_loops_ring, dk_noncrumbling_2
D:2:      wad_river_or_something, layout_basic, minmay_misc_feat_chi
D:3:      layout_basic, overflow_temple_1_default

Skill      XL: |  1  2  3  4  5 |
---------------+----------------+-----
Axes           | 2 3 |  3.9
Fighting       | 4 5 |  5.3
Armour         | |  3.2
Shields        | |  3.2

Action                   |  1- 3 |  4- 6 || total
-------------------------+-------+-------++-------
Melee: War axe           |   122 |   166 ||   288
  Eat: Chunk             |       |     6 ||     6
Armor: Scale mail        |    65 |    64 ||   129
Dodge: Dodged            |    37 |    55 ||    92
Block: Shield            |    61 |   111 ||   172

Table legend:
 A = Non-vault XP
 B = Vault XP
 C = Vault XP percentage of total XP
 D = Non-vault monster count
 E = Vault monster count
 F = Vault count percentage of total count
                 A         B        C        D         E       F
            +---------+---------+-------+---------+---------+-------
      Total |     260 |      21 |   7.5 |      81 |       9 |  10.0
            +---------+---------+-------+---------+---------+-------
        D:1 |      43 |       0 |   0.0 |      26 |       0 |   0.0
        D:2 |     100 |      21 |  17.4 |      28 |       9 |  24.3
        D:3 |     117 |       0 |   0.0 |      27 |       0 |   0.0
            +---------+---------+-------+---------+---------+-------
